 Dungeon Crawl Stone Soup version 0.25-a0-10-g2fe12d4386 (webtiles) character file.

Game seed: 13768557281372216746, levelgen mode: deterministic

8406 MrRokkomies the Carver (level 11, -9/64 HPs)
             Began as a Vampire Enchanter on Oct 15, 2019.
             Was a Priest of Kikubaaqudgha.
             Mangled by a fire elemental (12 damage)
             ... in a volcano.
             The game lasted 00:27:30 (10444 turns).

MrRokkomies the Carver (Vampire Enchanter)         Turns: 10444, Time: 00:27:30

Health: -9/64      AC:  7    Str: 13    XL:     11   Next: 9%
Magic:  11/14      EV: 22    Int: 20    God:    Kikubaaqudgha [***...]
Gold:   359        SH:  4    Dex: 22    Spells: 2/14 levels left

rFire    . . .     SeeInvis +   a - +2 Maxwell's thermic engine {flame, freeze}
rCold    + + .     Gourm    .   h - +0 buckler (curse)
rNeg     + + +     Faith    .   H - +1 leather armour {rPois}
rPois    ∞         Spirit   .   (no helmet)
rElec    .         Reflect  .   (no cloak)
rCorr    +         Harm     .   (no gloves)
MR       +....                  e - +2 pair of boots
Stlth    +++++++...             (no amulet)
HPRegen  0.00/turn              K - ring of resist corrosion
MPRegen  0.14/turn              (no ring)

@: mighty, agile, very slightly contaminated, bloodless, regenerating quickly
A: no food, fangs 3, talons 1, see invisible, agile 1, blink, unbreathing
a: Bat Form, Revivify, Blink, Receive Corpses, Renounce Religion


You were in a volcano.
You worshipped Kikubaaqudgha.
Kikubaaqudgha was most pleased with you.
You were bloodless.

You visited 3 branches of the dungeon, and saw 11 of its levels.
You also visited: Sewer and Volcano.

You collected 359 gold pieces.

Inventory:

Hand Weapons
 a - the +2 Maxwell's thermic engine (weapon) {flame, freeze}
   (You found it in a sewer)

   It has been specially enchanted to burn those struck by it, causing extra
   injury to most foes and up to half again as much damage against particularly
   susceptible opponents.
   Big, fiery blades are also staple armaments of hydra-hunters.
   It has been specially enchanted to freeze those struck by it, causing extra
   injury to most foes and up to half again as much damage against particularly
   susceptible opponents.
 b - a +3 short sword of electrocution
 f - a +1 dagger of venom
 u - a +0 hunting sling
Missiles
 g - 4 curare-tipped darts
 m - 214 stones
 n - 20 poisoned darts (quivered)
Armour
 e - a +2 pair of boots (worn)
 h - a cursed +0 buckler (worn)
 l - a +1 robe
 z - the +1 robe of the Pleiades {rElec Dex-5 SInv}
   (You found it on level 7 of the Dungeon)

   It affects your dexterity (-5).
   It insulates you from electricity.
   It lets you see invisible.
 H - a +1 leather armour of poison resistance (worn)
Magical Staves
 D - an uncursed staff of death
Jewellery
 K - a ring of resist corrosion (left hand)
Wands
 o - a wand of flame (37)
 q - a wand of polymorph (11)
 F - a wand of iceblast (6)
 J - a wand of scattershot (5)
Scrolls
 c - 5 scrolls of remove curse
 d - 6 scrolls of teleportation
 j - a scroll of magic mapping
 k - 6 scrolls of fear
 v - 3 scrolls of enchant armour
 w - a scroll of identify
 E - a scroll of amnesia
Potions
 i - 4 potions of flight
 p - 3 potions of might
 r - 10 potions of curing
 x - a potion of cancellation
 A - a potion of brilliance
 B - a potion of ambrosia
 C - a potion of invisibility
 G - a potion of lignification


   Skills:
 - Level 6.2 Fighting
 - Level 6.1(9.0) Short Blades
 * Level 9.4(10.0) Long Blades
 * Level 7.3 Dodging
 - Level 8.6 Stealth
 - Level 2.0 Spellcasting
 - Level 2.0 Conjurations
 - Level 9.0 Hexes
 + Level 5.5 Necromancy


You had 2 spell levels left.
You knew the following spells:

 Your Spells              Type           Power        Failure   Level  Hunger
a - Dazzling Spray        Conj/Hex       ###...       11%         3    N/A
b - Ensorcelled Hibernat  Hex/Ice        ###...       8%          2    N/A
c - Confuse               Hex            #####...     2%          3    N/A
d - Tukima's Dance        Hex            #####...     2%          3    N/A
e - Animate Skeleton      Necr           N/A          3%          1    N/A

Your spell library contained the following spells:

 Spells                   Type           Power        Failure   Level  Hunger
 Corona                   Hex            #####..      1%          1    N/A
 Pain                     Necr           ###.         3%          1    N/A
 Sublimation of Blood     Necr           ###.......   5%          2    N/A
 Regeneration             Chrm/Necr      ##........   32%         3    N/A
 Agony                    Necr           ###.....     67%         5    N/A
 Dispel Undead            Necr           ###.....     67%         5    N/A
 Excruciating Wounds      Chrm/Necr      ##........   96%         5    N/A
 Death Channel            Necr           ###.......   99%         6    N/A
 Simulacrum               Ice/Necr       ##........   100%        6    N/A

Dungeon Overview and Level Annotations

Branches:
Dungeon (8/15)             Temple (1/1) D:4            Lair (2/6) D:8
 Shoals (0/4) Lair:2        Sewer (visited)         Volcano (1/1)
  Snake: Lair:2-4    Spider: Lair:2-4

Altars:
Ashenzari
Cheibriados
Dithmenos
Elyvilon
Fedhas
Gozag
Hepliaklqana
Kikubaaqudgha
Makhleb
Nemelex Xobeh
Okawaru
Qazlal
Ru
Sif Muna
Trog
Uskayaw
Vehumet
Wu Jian
Xom
Yredelemnul
Zin
The Shining One

Shops:
D:4 ?   D:7 ?   D:8 !


Innate Abilities, Weirdness & Mutations

You do not eat.
You do not regenerate when monsters are visible.
You are frail without blood (-20% HP).
You can heal yourself when you bite living creatures.
You are immune to poison.
You have razor-sharp teeth.
You have supernaturally acute eyesight. (SInv)
You can survive without breathing.
You have sharp toenails.
You are agile. (Dex +2)
You can translocate small distances at will.


Message History

Confirm with . or Enter, or press ? or * to list all spells.
Aiming: Confuse (safe; 2% risk of failure)
Press: ? - help, Shift-Dir - straight line, f - fire elemental
Aim: a fire elemental (lightly damaged, magic immune)
Okay, then.
Unknown command.
Unknown command.
Evoke which item? (* to show all) (? for menu, Esc to quit)
Okay, then.
Unknown command.
Okay, then.
Unknown command.
You feel agile all of a sudden. The fire elemental hits you.
The fire elemental burns you!
* * * LOW HITPOINT WARNING * * *
You feel very mighty all of a sudden.
The volcano roars to life, belching forth lava!
The fire elemental hits you. The fire elemental burns you!
You die...
Kikubaaqudgha rasps: "You have failed me!
Welcome... oblivion!"

§..# #.# #..§§§§§§ ≈ §§.# #.#
#.≈≈≈≈≈≈≈ ≈ ≈≈§# #.# #.≈≈≈≈≈≈≈ §
§≈.######.#.#.######.≈§≈≈≈≈§ §
§§.#......#.#......#.≈≈≈≈≈≈§ ≈
≈..###++###'###++###.≈§≈≈§≈§ ≈≈
§§.# #.....#....#.≈≈§≈§§§ §§ §§.#
#.8_8.#..\.#.≈≈≈≈≈≈≈ §§§≈ ≈≈.#
+...).'.@E°#.§≈≈≈§≈≈≈§≈≈§
≈≈.#################.§≈§§§≈≈≈≈≈≈≈
≈..........§.§§..§...§≈≈≈≈≈≈§≈≈§§
≈≈§≈≈≈.≈§≈§§§.≈≈§≈§≈§≈≈≈§≈≈≈≈§≈§≈
≈§§≈≈≈≈≈≈≈≈≈≈≈§§§≈≈≈§≈§§§§≈§≈≈§§§
§≈§≈≈≈≈≈≈≈≈§≈§§§§§≈≈§§§§≈≈≈≈≈§≈§§
≈≈§≈§≈≈≈≈§≈≈§≈§≈≈≈≈≈≈≈≈≈§≈§§§≈≈..
≈§§≈≈≈≈§≈≈≈≈§≈≈≈≈≈≈≈≈≈≈≈≈§≈≈≈§...
§§§§≈§§≈§§≈≈§≈≈§≈≈§§≈≈≈≈§§§≈.....


You could see a fire elemental.

Vanquished Creatures
  Nergalle (Lair:1)
  A black mamba (Lair:2)
  2 spiny frogs (Lair:1)
  A gargoyle (Volcano)
  An efreet (Volcano)
  A komodo dragon (Lair:1)
  2 hippogriffs
  Sigmund (D:2)
  4 yaks
  2 basilisks (Lair:1)
  A fire bat (Volcano)
  A fire elemental (Volcano)
  A water moccasin (Lair:1)
  An orc warrior (D:8)
  3 ice beasts (D:6)
  2 phantoms
  A necrophage (D:8)
  6 ogres
  6 crocodiles
  2 big kobolds (Sewer)
  Blork the orc (D:4)
  8 bullfrogs
  An earth elemental (Volcano)
  2 scorpions
  3 killer bees (D:8)
  3 wights (D:6)
  A howler monkey (D:6)
  A crimson imp (D:3)
  4 lava snakes (Volcano)
  A quasit (D:8)
  3 hounds
  2 jellies
  4 orc priests
  Jessica (D:2)
  3 iguanas
  Ijyb (D:3)
  Natasha (thrice) (D:2)
  8 orc wizards
  5 worker ants
  3 hound skeletons
  A worker ant zombie (D:5)
  11 gnolls
  11 adders
  5 river rats (Sewer)
  4 shadow imps
  An ooze (D:4)
  2 adder skeletons
  A worm (D:4)
  2 dart slugs (D:1)
  4 leopard geckos
  19 orcs
  6 giant cockroaches
  6 goblins
  9 hobgoblins
  8 jackals
  20 kobolds
  4 quokkas
  8 ball pythons
  4 bats
  5 frilled lizards
  3 leopard gecko skeletons
  23 rats
  A plant (D:4)
256 creatures vanquished.

Vanquished Creatures (collateral kills)
  A spiny frog (Lair:2)
  A black bear (D:8)
  A gnoll sergeant (D:8)
  An orc (D:8)
4 creatures vanquished.

Vanquished Creatures (others)
  2 dancing weapons (D:8)
  2 plants (D:4)
4 creatures vanquished.

Grand Total: 264 creatures vanquished

Notes
Turn   | Place    | Note
-------+----------+-------------------------------------------
     0 | D:1      | MrRokkomies the Vampire Enchanter began the quest for the
                  | Orb.
     0 | D:1      | Reached XP level 1. HP: 13/13 MP: 3/3
   230 | D:1      | Gained mutation: You have sharp toenails. [potion of
                  | mutation]
   230 | D:1      | Gained mutation: You are agile. (Dex +2) [potion of
                  | mutation]
   230 | D:1      | Gained mutation: You can translocate small distances at
                  | will. [potion of mutation]
   233 | D:1      | Reached XP level 2. HP: 2/15 MP: 5/5
   536 | D:1      | Learned a level 2 spell: Ensorcelled Hibernation
   765 | D:1      | Reached skill level 5 in Hexes
   894 | D:1      | Reached XP level 3. HP: 14/19 MP: 6/6
  1121 | D:2      | Reached skill level 5 in Stealth
  1268 | D:2      | Noticed Sigmund
  1280 | D:2      | Killed Sigmund
  1280 | D:2      | Reached XP level 4. HP: 4/24 MP: 0/7
  1280 | D:2      | Reached XP level 5. HP: 5/28 MP: 0/8
  1539 | D:2      | Learned a level 3 spell: Confuse
  1678 | D:2      | Noticed Jessica
  1683 | D:2      | Killed Jessica
  1760 | D:2      | Noticed Natasha
  1768 | D:2      | Killed Natasha
  1768 | D:2      | Reached XP level 6. HP: 31/32 MP: 5/9
  1985 | D:2      | Noticed Natasha
  1993 | D:2      | Killed Natasha
  2172 | D:2      | Noticed Natasha
  2177 | D:2      | Killed Natasha
  2268 | D:3      | Noticed Ijyb
  2276 | D:3      | Killed Ijyb
  2343 | D:3      | Reached skill level 5 in Short Blades
  2353 | D:3      | Learned a level 3 spell: Tukima's Dance
  2415 | D:3      | Found a burning altar of Makhleb.
  2457 | D:4      | Reached XP level 7. HP: 36/36 MP: 10/10
  2492 | D:4      | Found a glowing drain.
  2509 | Sewer    | Entered a sewer
  2846 | Sewer    | Found the +2 Maxwell's thermic engine {flame, freeze}
  3205 | D:4      | Found a staircase to the Ecumenical Temple.
  3213 | Temple   | Entered the Ecumenical Temple
  3386 | Temple   | Became a worshipper of Kikubaaqudgha
  3451 | D:4      | Reached skill level 1 in Fighting
  3451 | D:4      | Reached skill level 1 in Long Blades
  3501 | D:4      | Reached XP level 8. HP: 43/43 MP: 11/11
  3713 | D:4      | Noticed Blork the orc
  3721 | D:4      | Killed Blork the orc
  3753 | D:4      | Found Qiamy's Magic Scroll Emporium.
  4057 | D:5      | Entered Level 5 of the Dungeon
  4606 | D:5      | Found a bloodstained altar of Trog.
  4623 | D:5      | Learned a level 3 spell: Dazzling Spray
  4763 | D:6      | Reached * piety under Kikubaaqudgha
  4763 | D:6      | Identified Kikubaaqudgha's Disquisition on Necromancy
                  | (Kikubaaqudgha gifted it to you on level 6 of the Dungeon)
  4763 | D:6      | Received a gift from Kikubaaqudgha
  4813 | D:6      | Reached skill level 1 in Conjurations
  4961 | D:6      | Reached XP level 9. HP: 19/52 MP: 5/12
  5699 | D:7      | Found Cumy's Magic Scroll Boutique.
  5843 | D:7      | Reached skill level 5 in Long Blades
  5879 | D:7      | Got a colourful robe
  5893 | D:7      | Identified the +1 robe of the Pleiades {rElec Dex-5 SInv}
                  | (You found it on level 7 of the Dungeon)
  6053 | D:7      | Found a white marble altar of Elyvilon.
  6112 | D:7      | Identified the cursed +3 dagger of Fedhas's Approval
                  | {pierce, +Blink}
  6118 | D:7      | Reached skill level 5 in Fighting
  6126 | D:7      | Learned a level 1 spell: Animate Skeleton
  6167 | D:7      | Reached ** piety under Kikubaaqudgha
  6364 | D:8      | Found a staircase to the Lair.
  6368 | D:8      | Found Geurch's Distillery.
  6405 | D:8      | Reached skill level 1 in Necromancy
  8583 | D:8      | Reached XP level 10. HP: 60/60 MP: 13/13
  8669 | Lair:1   | Entered Level 1 of the Lair of Beasts
  8884 | Lair:1   | Noticed a spiny frog
  8891 | Lair:1   | Killed a spiny frog
  8943 | Lair:1   | Noticed a spiny frog
  8950 | Lair:1   | Killed a spiny frog
  9060 | Lair:1   | Reached skill level 5 in Dodging
  9062 | Lair:1   | Noticed Nergalle
  9098 | Lair:1   | Killed Nergalle
  9902 | Lair:2   | Noticed a black mamba
  9907 | Lair:2   | Killed a black mamba
  9907 | Lair:2   | Reached skill level 5 in Necromancy
  9968 | Lair:2   | Reached *** piety under Kikubaaqudgha
  9968 | Lair:2   | Identified Kikubaaqudgha's Almanac of Sinister Secrets
                  | (Kikubaaqudgha gifted it to you on level 2 of the Lair of
                  | Beasts)
  9968 | Lair:2   | Received a gift from Kikubaaqudgha
  9991 | Lair:2   | Noticed a spiny frog
  9999 | Lair:2   | Killed a spiny frog
 10009 | Lair:2   | Found a dark tunnel.
 10018 | Volcano  | Entered a volcano
 10238 | Volcano  | Reached XP level 11. HP: 64/64 MP: 12/14
 10404 | Volcano  | Found a burning altar of Makhleb.
 10443 | Volcano  | HP: 3/64 [fire elemental (13)]
 10444 | Volcano  | Mangled by a fire elemental

Levels and vault maps discovered:
D:1:      minmay_arrival_four_houses, layout_loops_ring, minmay_split_cup_large
D:2:      layout_basic, uniq_jessica, uniq_sigmund, uniq_natasha
D:3:      layout_basic, makhleb_grotto_becter, uniq_robin, uniq_ijyb
D:4:      wad_woods_pond, layout_basic, cheibrodos_sewer_entry_drain,
          serial_shops, shop_statue, uniq_blork_the_orc
D:5:      layout_basic, first_ration, trog_book
D:6:      layout_loops_corners
D:7:      layout_loops_ring, basic_altar, serial_shops, nicolae_shop_trees
D:8:      layout_gridville, dpeg_oklobed_lair, serial_shops, shop
Temple:   minmay_crystal_snake_temple
Lair:1:   layout_gridlike, fungi_pond_lemuel, minivault_23, lemuel_fruit_fields,
          uniq_urug, uniq_nergalle
Lair:2:   layout_hall_layers, minmay_shoals_entry_centaurs,
          nicolae_volcano_entry_two_sided, beast_lair_carwin_1
Volcano:  volcano_lake [vl_original]

Skill      XL: |  1  2  3  4  5  6  7  8  9 10 |
---------------+-------------------------------+-----
Short Blades   | 2 4 5 6 |  6.1
Hexes          | 5 6 7 8 9 |  9.0
Stealth        | 5 6 7 8 |  8.6
Fighting       | 1 4 6 |  6.2
Long Blades    | 1 4 7 9 |  9.4
Conjurations   | 1 2 |  2.0
Necromancy     | 3 5 |  5.5
Dodging        | 7 |  7.3
Spellcasting   | |  2.0

Action                   |  1- 3 |  4- 6 |  7- 9 | 10-12 || total
-------------------------+-------+-------+-------+-------++-------
Melee: Dagger            |    33 |       |       |       ||    33
       Bite              |     3 |     2 |    29 |    10 ||    44
       Short sword       |    42 |    61 |   114 |    49 ||   266
       Double sword      |       |       |   245 |    33 ||   278
Throw: Dart              |     7 |       |    13 |     6 ||    26
 Cast: Ensorcelled Hiber |     8 |     1 |     9 |    20 ||    38
       Confuse           |       |     2 |    10 |     8 ||    20
       Tukima's Dance    |       |       |     8 |       ||     8
       Animate Skeleton  |       |       |     4 |     6 ||    10
 Abil: Exsanguinate      |     1 |       |       |       ||     1
  Use: Potion            |     3 |       |     4 |     4 ||    11
       Scroll            |     3 |     4 |     9 |     7 ||    23
 Stab: Sleeping          |     7 |     9 |    55 |    20 ||    91
       Distracted        |     1 |     2 |     2 |     1 ||     6
       Confused          |       |     3 |     2 |     2 ||     7
       Invisible         |       |       |       |     1 ||     1
Armor: Robe              |    26 |    12 |   104 |     1 ||   143
       Leather armour    |       |       |       |    14 ||    14
Dodge: Dodged            |    58 |    31 |   254 |    50 ||   393
Block: Buckler           |       |     1 |    82 |     8 ||    91
       Rpst.: Double sword |       |       |    57 |     8 ||    65

Table legend:
 A = Non-vault XP
 B = Vault XP
 C = Vault XP percentage of total XP
 D = Non-vault monster count
 E = Vault monster count
 F = Vault count percentage of total count
                 A         B        C        D         E       F
            +---------+---------+-------+---------+---------+-------
      Total |    9105 |    2904 |  24.2 |     188 |      71 |  27.4
            +---------+---------+-------+---------+---------+-------
        D:1 |      38 |       7 |  15.6 |      19 |       4 |  17.4
        D:2 |     146 |     300 |  67.3 |      23 |       3 |  11.5
        D:3 |     145 |      84 |  36.7 |       8 |       2 |  20.0
        D:4 |     491 |     119 |  19.5 |      19 |       4 |  17.4
        D:5 |     440 |       0 |   0.0 |      21 |       0 |   0.0
        D:6 |     914 |       0 |   0.0 |      16 |       0 |   0.0
        D:7 |     827 |       0 |   0.0 |      18 |       0 |   0.0
        D:8 |    1707 |       0 |   0.0 |      42 |       0 |   0.0
     Lair:1 |    3128 |     792 |  20.2 |      15 |       1 |   6.2
     Lair:2 |    1269 |       0 |   0.0 |       7 |       0 |   0.0
      Sewer |       0 |     350 | 100.0 |       0 |      48 | 100.0
    Volcano |       0 |    1252 | 100.0 |       0 |       9 | 100.0
            +---------+---------+-------+---------+---------+-------
